 Dungeon Crawl Stone Soup version 0.26-a0-1139-g7d2dc893a1 (webtiles) character file.

Game seed: 3843313275588125835

1775073 ardl the Slayer (level 27, 122/170 HPs)
             Began as a Gargoyle Berserker on Dec 21, 2020.
             Was the Champion of Trog.
             Escaped with the Orb
             ... and 3 runes on Dec 22, 2020!
             The game lasted 01:59:24 (60228 turns).

ardl the Slayer (Gargoyle Berserker)               Turns: 60228, Time: 01:59:24

Health: 122/170    AC: 75    Str: 38      XL:     27
Magic:  23/23      EV: 13    Int:  1 (3)  God:    Trog [******]
Gold:   2194       SH: 25    Dex:  7 (9)  Spells: 26/26 levels left

rFire    + + .     SeeInvis +   a - +5 broad axe (elec)
rCold    + . .     Faith    +   v - +1 tower shield {rN+}
rNeg     + + .     Spirit   .   m - +10 crystal plate armour of Precision Catastrophes {rElec Str+2}
rPois    ∞         Reflect  .   Y - +1 helmet of the Present {Rampage +Blink}
rElec    +         Harm     .   Z - +2 cloak of the Thief {*Fog Slay-2 SInv Stlth+}
rCorr    .         Rampage  +   R - +2 pair of gloves {Str+3}
Will     ++...                  K - +2 pair of boots "Quygg" {rC+ Int+2}
Stlth    ..........             X - amulet of Toetreoc {Faith Fragile rPois rF++ Int-4}
HPRegen  0.38/turn              I - +4 ring of slaying
MPRegen  0.18/turn              F - +4 ring of slaying

@: hasted (expiring), very quick
A: big wings, hooves 1, repulsion field 1, molten scales 2, deterioration 1,
dopey 2, frail 1, negative energy resistance 1, screaming 1, electricity
resistance, unbreathing, petrification resistance, miasma immunity, MP-powered
wands, AC +20
0: Orb of Zot
}: 3/15 runes: decaying, serpentine, slimy
a: Fly, Renounce Religion, Evoke Blink, Berserk, Trog's Hand, Brothers in Arms


You escaped.
You worshipped Trog.
Trog was exalted by your worship.
You visited 10 branches of the dungeon, and saw 53 of its levels.
You visited 1 bazaar.
You also visited: Bailey and Wizlab.

You collected 6324 gold pieces.
You spent 4130 gold pieces at shops.

Inventory:

Hand Weapons
 a - a +5 broad axe of electrocution (weapon)
 b - a +0 vampiric broad axe
Missiles
 M - a throwing net
Armour
 m - the +10 crystal plate armour of Precision Catastrophes (worn) {rElec Str+2}
   (You found it on level 3 of the Elven Halls)

   It affects your strength (+2).
   It insulates you from electricity.
 v - a +1 tower shield of positive energy (worn)
 K - the +2 pair of boots "Quygg" (worn) {rC+ Int+2}
   (You bought it in a shop on level 2 of the Orcish Mines)

   It affects your intelligence (+2).
   It protects you from cold.
 R - a +2 pair of gloves of strength (worn)
 Y - the +1 helmet of the Present (worn) {Rampage +Blink}
   (You found it on level 4 of the Vaults)

   It lets you blink.
   It bestows one free step when moving towards enemies.
 Z - the +2 cloak of the Thief (worn) {*Fog Slay-2 SInv Stlth+}
   (You found it on level 2 of the Swamp)

   It affects your accuracy and damage with ranged weapons and melee attacks
   (-2).
   It lets you see invisible.
   It makes you more stealthy.
Jewellery
 C - an uncursed ring of resist corrosion
 F - a +4 ring of slaying (right hand)
 I - a +4 ring of slaying (left hand)
 X - the amulet of Toetreoc (around neck) {Faith Fragile rPois rF++ Int-4}
   (You found it on level 1 of the Swamp)

   [amulet of faith]

   It allows you to gain divine favour quickly.
   It affects your intelligence (-4).
   It greatly protects you from fire.
   It protects you from poison.
   It will be destroyed if unequipped.
Wands
 c - a wand of polymorph (56)
 s - a wand of disintegration (50)
 D - a wand of digging (32)
 E - a wand of acid (30)
 H - a wand of paralysis (39)
 S - a wand of iceblast (59)
 V - a wand of enslavement (28)
Scrolls
 g - 13 scrolls of fear
 i - 21 scrolls of identify
 p - a scroll of magic mapping
 t - 20 scrolls of teleportation
 w - 22 scrolls of remove curse
 x - 4 scrolls of summoning
 y - 4 scrolls of immolation
 z - 6 scrolls of fog
 B - 2 scrolls of blinking
 G - 3 scrolls of vulnerability
 Q - 7 scrolls of holy word
Potions
 d - 8 potions of might
 e - 7 potions of attraction
 f - 5 potions of lignification
 h - 3 potions of haste
 k - 2 potions of cancellation
 l - 8 potions of heal wounds
 n - 3 potions of resistance
 q - 21 potions of curing
 u - 2 potions of magic
 O - 2 potions of mutation
 T - 4 potions of ambrosia
Miscellaneous
 j - a lightning rod (4/4)
 o - a tin of tremorstones (2/2)
 J - a phantom mirror
 L - a box of beasts
 P - a condenser vane
 W - a phial of floods


   Skills:
 + Level 23.8 Fighting
 - Level 18.9(20.0) Axes
 - Level 13.3(18.2) Maces & Flails
 - Level 20.8 Armour
 - Level 14.0 Dodging
 - Level 18.0 Shields
 - Level 14.0 Evocations


You had 26 spell levels left.
You didn't know any spells.
Your spell library was empty.

Dungeon Overview and Level Annotations

Branches:
Dungeon (15/15)            Temple (0/1) D:7            Lair (6/6) D:10
  Swamp (4/4) Lair:3        Snake (4/4) Lair:4        Slime (5/5) Lair:6
    Orc (2/2) D:12            Elf (3/3) Orc:2        Vaults (4/5) D:14
  Crypt (0/3) Vaults:3     Depths (5/5) D:15            Zot (5/5) Depths:5
 Bailey (visited)          WizLab (visited)

Altars:
Dithmenos
Hepliaklqana
Makhleb
Okawaru
Ru
Sif Muna
Trog
Xom
Zin
The Shining One
Jiyva
Lugonu

Shops:
D:4 =   Orc:2 (}**[   Elf:1 [   Elf:2 ==}   Elf:3 !   Snake:1 (   Snake:4 }[[**
Vaults:3 [   Depths:1 [(([

Portals:
Hell: Depths:1 Depths:3 Depths:4 Depths:5
Abyss: Depths:2 Depths:4
Pandemonium: Orc:2 Depths:3 Depths:5
Ziggurat: Depths:5

Annotations:
D:4 2 transporters, mojowtm's ghost, amateur SpHu
D:10 exclusion: orange crystal statue
D:11 1 runed translucent door, ardl's ghost, journeyman FoGl
Lair:4 exclusion: 3 oklob plants
Swamp:2 exclusion: oklob plant
Elf:2 8 runed translucent doors, Bottel's ghost, adept MiBe
Depths:4 3 runed translucent doors, Ninuetur's ghost, adept HuFi


Innate Abilities, Weirdness & Mutations

You are resistant to torment.
Your stone body is resilient. (AC +20)
You are immune to poison.
Your large and strong wings let you fly indefinitely.
You resist negative energy. (rN+)
You are resistant to electric shocks. (rElec)
You can survive without breathing.
You are immune to petrification.
You are immune to miasma.
You have large cloven feet.
You are surrounded by a mild repulsion field. (EV +2)
You are mostly covered in molten scales. (AC +3)
Your body sometimes deteriorates upon taking damage.
You are very dopey. (Int -4)
You are frail. (-10% HP)
You occasionally shout uncontrollably at your foes.
You expend magic power (3 MP) to strengthen your wands.


Message History

You now have 20/23 mp.
Something hits your cyclops!
Your cyclops dies!
Your cyclops's corpse disappears in a puff of smoke!
Wieppiamm gestures.
The golden eye turns its gaze towards you.
The golden eye pulsates ominously.
The golden eye blinks at you. You resist with some effort.
The golden eye blinks at you. You resist with some effort.
You see here a bat skeleton.
MP restored: 23 Your extra speed is starting to run out.
You enter the shallow water.
Moving in this stuff is going to be slow.
There is a staircase leading out of the dungeon here.
Wieppiamm gestures at you.
The golden eye blinks into view!
You have escaped!

.## #......# ..##
#.####.# ...# #.# #.#
...# #.#################
.#.# ##.#≈≈§≈§≈≈≈≈≈§≈≈§≈#
.#.###..#≈≈≈≈§.....≈≈§≈≈#
##......#≈≈..§.≈≈≈....§≈#
#.####.#≈...≈≈G.≈≈≈...≈#
##.## #..÷..≈&≈.@..≈≈..≈#
....# ###≈...≈≈≈.≈≈≈...≈#
#.#.# ###≈≈....≈≈§§§..≈≈#
....###.#≈≈§≈≈..§.§§§≈≈≈#
#.#.##..#≈≈≈§≈≈≈§≈§≈≈≈≈≈#
....#...########§########
#.#..........###....##
.............'.......#
#.#..........####...##


You could see Wieppiamm and a golden eye (summoned).

Vanquished Creatures
  the Royal Jelly (Slime:5)
  2 orbs of fire (Zot:5)
  2 ancient liches
  Mara (Snake:4)
  A juggernaut (Depths:3)
  Boris (4 times) (Vaults:2 Vaults:3 Depths:1 Depths:3)
  Bai Suzhen (Vaults:2)
  2 Killer Klowns (Zot:5)
  A curse toe (Zot:5)
  Saint Roka (Snake:2)
  2 golden dragons
  Jory (Vaults:4)
  Nikola (Swamp:2)
  A Hellbinder (WizLab)
  3 bone dragons
  An electric golem (Zot:5)
  A lich (Zot:4)
  2 tentacled monstrosities (Depths:3)
  A Brimstone Fiend (D:1)
  19 Orb Guardians
  2 deep elf master archers (Elf:3)
  2 deep elf blademasters (Elf:3)
  A large abomination (Vaults:4)
  18 acid blobs
  3 titans
  2 quicksilver dragons
  Kirke (Snake:2)
  2 thorn hunters (Swamp:4)
  5 sphinxes
  6 death cobs
  3 storm dragons
  Donald (Snake:3)
  2 pandemonium lords
  4 tengu reavers
  7 shadow dragons
  3 draconian monks (Zot:5)
  A fenstrider witch (Swamp:4)
  10 frost giants
  14 azure jellies
  5 fire giants
  7 nagarajas
  2 draconian scorchers
  An iron dragon (Depths:2)
  10 vault wardens
  6 deep elf sorcerers
  2 draconian shifters
  2 draconian knights
  2 orc warlords
  2 balrugs (WizLab)
  Aizul (Vaults:3)
  4 deep elf elementalists (Elf:3)
  A black sun (WizLab)
  A draconian stormcaller (Depths:5)
  A cacodemon (WizLab)
  A juggernaut zombie (Depths:1)
  2 war gargoyles
  3 draconian annihilators
  16 ironheart preservers
  17 stone giants
  8 very ugly things
  2 lorocyprocas (WizLab)
  5 vampire knights
  4 deep elf demonologists
  A black draconian (Zot:2)
  An entropy weaver (Vaults:3)
  10 deep elf annihilators
  5 green draconians
  A white draconian (Depths:5)
  An entropy weaver (shapeshifter) (Vaults:4)
  5 red draconians
  7 spark wasps
  6 bunyips
  2 purple draconians
  2 yellow draconians (Zot:5)
  4 deep elf death magi
  An eidolon (Vaults:3)
  2 merfolk javelineers
  A blizzard demon (WizLab)
  19 ettins
  2 eleionomae (Swamp:2)
  A shambling mangrove (Swamp:3)
  A green death (WizLab)
  9 fire dragons
  8 death oozes (Slime:5)
  A merfolk impaler (Vaults:4)
  11 yaktaur captains
  A monstrous demonspawn (D:15)
  11 naga warriors
  10 great orbs of eyes
  5 boulder beetles
  4 rakshasas
  10 vault guards
  A catoblepas (Lair:5)
  28 hydras
  A ghost crab (Swamp:1)
  4 spriggan air magi
  2 hell beasts
  8 anacondas
  12 ice dragons
  8 alligators
  3 death knights
  11 dancing weapons
  A queen ant (D:8)
  8 centaur warriors
  15 deep troll shamans
  27 two-headed ogres
  9 ogre magi
  Erica (Orc:1)
  A satyr (shapeshifter) (Vaults:1)
  10 deep troll earth magi
  4 tengu warriors
  A death yak (Lair:5)
  3 orc high priests (Orc:2)
  8 shock serpents
  14 spriggan berserkers
  11 naga sharpshooters
  Urug (Orc:2)
  A shock serpent (shapeshifter) (Vaults:1)
  17 deep elf knights
  5 soul eaters
  A salamander mystic (Snake:4)
  6 hell knights
  8 iron trolls
  2 sixfirhies (WizLab)
  2 flayed ghosts
  A sea snake (Snake:3)
  3 sun demons (WizLab)
  6 skeletal warriors
  2 infernal demonspawn (Orc:2)
  3 shadow demons
  6 swamp dragons
  A death drake (shapeshifter) (Depths:2)
  3 goliath frogs
  42 deep trolls
  A gelid demonspawn (Orc:2)
  5 unseen horrors
  4 wizards
  2 spriggan druids
  5 glowing orange brains
  A bog body (Swamp:3)
  A torturous demonspawn (Depths:5)
  12 naga ritualists
  13 deep elf archers
  A tengu zombie (Vaults:3)
  14 ironbrand convokers
  8 necromancers
  4 harpies (Vaults:3)
  16 orc sorcerers
  4 phantasmal warriors
  8 mana vipers
  2 human zombies (Vaults:4)
  A shadow dragon skeleton (Zot:4)
  A salamander (shapeshifter) (Vaults:4)
  9 orc knights
  2 will-o-the-wisps
  A sphinx zombie (Vaults:4)
  A fire giant zombie (Depths:1)
  2 mana vipers (shapeshifter)
  37 ugly things
  10 salamanders
  An orb spider (shapeshifter) (Vaults:3)
  5 shining eyes
  5 wolf spiders
  4 cyclopes
  A manticore (shapeshifter) (Depths:2)
  A stone giant zombie (Vaults:3)
  2 manticores (D:13)
  59 deep elf magi
  6 moths of wrath
  8 vault sentinels
  Joseph (D:10)
  Maurice (D:11)
  23 naga magi
  A black mamba (shapeshifter) (Depths:2)
  A smoke demon (Depths:5)
  3 human skeletons (Vaults:4)
  An eye of devastation (Slime:4)
  12 elephants (Lair:6)
  A guardian serpent (shapeshifter) (Vaults:3)
  41 black mambas
  6 rust devils
  7 orange demons
  4 guardian serpents
  A torpor snail (Lair:5)
  4 centaur skeletons
  2 gargoyles
  A yaktaur zombie (Depths:1)
  A redback zombie (D:15)
  8 cane toads
  6 komodo dragons
  6 freezing wraiths
  13 yaktaurs
  3 rime drakes
  2 small abominations (Elf:3)
  2 hellwings (WizLab)
  5 ice devils
  3 tormentors (WizLab)
  A tengu conjurer (Depths:3)
  2 red devils
  A polar bear (shapeshifter) (Depths:2)
  A queen bee (D:13)
  10 trolls
  8 polar bears
  A queen bee (shapeshifter) (D:15)
  9 tyrant leeches
  22 hornets
  13 blink frogs
  A tengu simulacrum (Vaults:3)
  A dream sheep (shapeshifter) (Vaults:3)
  78 slime creatures
  2 frost giant simulacra (Vaults:3)
  Sigmund (D:4)
  18 dream sheep (Lair:6)
  8 air elementals
  An elf zombie (Vaults:4)
  5 flying skulls (Depths:4)
  25 spriggans
  A tarantella (Vaults:3)
  A deep troll skeleton (Depths:1)
  3 vampires
  4 wraiths
  A redback (Vaults:3)
  16 water elementals
  A shadow (D:12)
  51 yaks
  3 ynoxinuls
  2 wyverns
  11 humans (D:14)
  4 hogs (Snake:2)
  A basilisk (shapeshifter) (Depths:1)
  13 vampire mosquitoes
  4 fire elementals
  A golden eye (shapeshifter) (Vaults:3)
  8 basilisks
  A human simulacrum (Vaults:2)
  2 neqoxecs
  3 chaos spawn
  Menkaure (D:4)
  2 yaktaur simulacra
  15 swamp worms
  3 wargs
  82 nagas
  2 deep troll zombies
  8 soldier ants (D:8)
  4 acid dragons
  19 water moccasins
  5 hell hounds (D:1)
  2 floating eyes
  A black bear (shapeshifter) (Depths:1)
  37 orc warriors
  11 swamp drakes
  An eye of draining (shapeshifter) (Vaults:4)
  5 ice beasts
  10 sky beasts
  5 black bears
  2 ettin simulacra (Depths:1)
  2 necrophages
  30 ogres
  6 eyes of draining
  8 boggarts
  20 centaurs
  33 wolves
  A big kobold (D:7)
  A bullfrog (shapeshifter) (Depths:5)
  16 bullfrogs
  An earth elemental (Elf:1)
  2 deep troll simulacra
  6 scorpions
  4 killer bees
  5 howler monkeys
  18 wights
  3 electric eels
  2 quasits (Depths:5)
  3 lava snakes (D:10)
  3 bullfrog zombies
  5 centaur zombies
  12 hounds
  6 jellies
  17 orc wizards
  6 bullfrog skeletons
  A gnoll shaman (D:5)
  23 orc priests
  4 iguanas
  2 iron imps
  Natasha (thrice) (D:4)
  4 hell rats (Lair:4)
  33 worker ants
  4 lightning spires (Depths:1)
  A worker ant zombie (D:11)
  11 gnolls
  15 adders
  2 shadow imps
  7 white imps
  8 ufetubi
  4 oozes
  An adder zombie (D:9)
  3 worms
  2 dart slugs (D:1)
  6 leopard geckos
  74 orcs
  6 giant cockroaches
  16 goblins
  8 hobgoblins
  9 jackals
  21 kobolds
  9 quokkas
  3 ball pythons
  9 bats
  4 frilled lizards
  A leopard gecko skeleton (D:7)
  2 quokka skeletons
  2 quokka zombies
  13 rats
  9 briar patches
  6 crawling corpses
2189 creatures vanquished.

Vanquished Creatures (collateral kills)
  The ghost of SlowGraham the Acrobat, a legendary KoMo of Trog (Vaults:4)
  A deep elf master archer (Vaults:4)
  A sphinx (Vaults:4)
  An ironheart preserver (Vaults:4)
  2 ettins (Vaults:4)
  A hydra (Lair:5)
  A naga warrior (Vaults:4)
  A two-headed ogre (Depths:3)
  A shock serpent (Snake:3)
  An orc knight (Orc:2)
  A mana viper (Snake:3)
  A deep elf mage (Vaults:2)
  A black mamba (Snake:2)
  A naga mage (Snake:3)
  A komodo dragon (Lair:5)
  A neqoxec (Orc:2)
  A naga (Snake:3)
  4 orc warriors
  4 orc priests
  An orc wizard (Snake:2)
27 creatures vanquished.

Vanquished Creatures (others)
  An ancient lich (Zot:5)
  A spark wasp (Depths:3)
  A purple draconian (Zot:5)
  A swamp dragon (Swamp:2)
  An ugly thing (Depths:5)
  4 bloated husks
  A hornet (Swamp:2)
  A tyrant leech (Swamp:2)
  An air elemental (Elf:2)
  A spriggan (Swamp:2)
  A neqoxec (Depths:5)
  2 vampire mosquitoes (Swamp:2)
  6 insubstantial wisps (Depths:1)
  A naga (Snake:4)
  A water moccasin (Lair:5)
  4 electric eels (Depths:1)
  An orc (Vaults:2)
  4 ball lightnings (Depths:1)
  2 bushes (Elf:2)
  12 foxfires
  56 fungi
  103 plants
206 creatures vanquished.

Grand Total: 2422 creatures vanquished

Notes
Turn   | Place    | Note
-------+----------+-------------------------------------------
     0 | D:1      | ardl the Gargoyle Berserker began the quest for the Orb.
     0 | D:1      | Reached XP level 1. HP: 14/14 MP: 1/1
   231 | D:1      | Reached XP level 2. HP: 19/19 MP: 2/2
   693 | D:1      | Reached XP level 3. HP: 22/23 MP: 3/3
  1538 | D:2      | Reached ** piety under Trog
  1827 | D:2      | Reached XP level 4. HP: 22/28 MP: 4/4
  2219 | D:2      | Found an iron altar of Okawaru.
  2918 | D:3      | Reached skill level 5 in Axes
  2976 | D:3      | Reached XP level 5. HP: 32/32 MP: 5/5
  3665 | D:4      | Noticed Sigmund
  3689 | D:4      | Reached XP level 6. HP: 22/37 MP: 6/6
  3693 | D:4      | Killed Sigmund
  3693 | D:4      | Reached *** piety under Trog
  3930 | D:4      | Reached XP level 7. HP: 29/41 MP: 7/7
  4117 | D:4      | Noticed Natasha
  4142 | D:4      | Killed Natasha
  4155 | D:4      | Noticed Natasha
  4166 | D:4      | Killed Natasha
  4390 | D:4      | Noticed Natasha
  4397 | D:4      | Killed Natasha
  4477 | D:4      | Found a transporter.
  4481 | D:4      | Noticed Menkaure
  4490 | D:4      | Killed Menkaure
  4713 | D:4      | Found a transporter.
  4716 | D:4      | Noticed mojowtm's ghost (amateur SpHu)
  4803 | D:4      | Found a glowing silver altar of Zin.
  4928 | D:4      | Found Calou's Jewellery Shop.
  5006 | D:4      | Found a burning altar of Makhleb.
  5006 | D:4      | Found a bloodstained altar of Trog.
  5021 | D:4      | Got a dazzling hand axe
  5022 | D:4      | Identified the +9 hand axe of a Labyrinth {venom, rN++}
                  | (You found it on level 4 of the Dungeon)
  5093 | D:5      | Entered Level 5 of the Dungeon
  5265 | D:5      | Reached XP level 8. HP: 46/46 MP: 8/8
  5997 | D:6      | Reached skill level 4 in Fighting
  6321 | D:6      | Reached **** piety under Trog
  6669 | D:7      | Found a staircase to the Ecumenical Temple.
  6734 | D:7      | Reached skill level 5 in Fighting
  6734 | D:7      | Reached skill level 10 in Axes
  6736 | D:7      | Reached XP level 9. HP: 39/54 MP: 9/9
  7221 | D:7      | Reached skill level 6 in Fighting
  7410 | D:7      | Found a sacrificial altar of Ru.
  7656 | D:8      | Killed an unseen horror
  7768 | D:8      | Reached ***** piety under Trog
  7769 | D:8      | Reached skill level 7 in Fighting
  7776 | D:8      | Noticed a queen ant
  7787 | D:8      | Reached XP level 10. HP: 54/63 MP: 10/10
  7789 | D:8      | Killed a queen ant
  7800 | D:8      | Paralysed by an orc priest for 4 turns
  8638 | D:9      | Received a gift from Trog
  9031 | D:9      | Reached XP level 11. HP: 60/67 MP: 11/11
  9471 | D:9      | Reached skill level 1 in Shields
  9977 | D:10     | Entered Level 10 of the Dungeon
 10059 | D:10     | Noticed an orange crystal statue
 10417 | D:10     | Noticed Joseph
 10431 | D:10     | Killed Joseph
 10646 | D:10     | Found a staircase to the Lair.
 10766 | D:10     | Killed an unseen horror
 10767 | D:10     | Reached skill level 5 in Armour
 11126 | D:11     | Noticed Maurice
 11151 | D:11     | Killed Maurice
 11152 | D:11     | Reached skill level 8 in Fighting
 11282 | D:11     | Noticed a brown ugly thing
 11302 | D:11     | Killed a brown ugly thing
 11644 | Lair:1   | Entered Level 1 of the Lair of Beasts
 11890 | D:11     | Found a runed translucent door.
 11891 | D:11     | Found a shimmering altar of Xom.
 11891 | D:11     | Noticed ardl's ghost (journeyman FoGl)
 11891 | D:11     | Noticed a +0 trident of chaos
 11920 | D:11     | Reached skill level 9 in Fighting
 11943 | D:11     | Noticed an eight-headed hydra
 11961 | D:11     | Killed a 19-headed hydra
 12465 | D:12     | Found a flagged portal.
 12468 | D:12     | Received a gift from Trog
 12474 | Bailey   | Entered a bailey
 12479 | Bailey   | Noticed an orc warlord
 12539 | Bailey   | Found a runed translucent gate.
 12541 | Bailey   | Found a runed translucent gate.
 12543 | Bailey   | Found a runed translucent gate.
 12615 | Bailey   | Killed an orc warlord
 12616 | Bailey   | Reached skill level 10 in Fighting
 12616 | Bailey   | Reached XP level 12. HP: 77/77 MP: 12/12
 12669 | Bailey   | Identified 2 scrolls of acquirement
 12669 | Bailey   | Acquired a +0 pair of boots of rampaging
 12670 | Bailey   | Acquired the +10 war axe "Mioniph Calo" {antimagic, *Noise
                  | Will+ MP+9}
 12791 | D:12     | Found a staircase to the Orcish Mines.
 12860 | D:12     | Noticed a six-headed hydra
 12879 | D:12     | Killed a 17-headed hydra
 12880 | D:12     | Reached skill level 1 in Maces & Flails
 13399 | D:12     | Noticed a boulder beetle
 13429 | D:12     | Killed a boulder beetle
 13948 | D:5      | Got a shimmering flail
 13949 | D:5      | Identified the cursed +1 flail of Immorality {flame, +Blink
                  | +Fly Will+++ Dex-4} (You found it on level 5 of the
                  | Dungeon)
 14188 | Lair:1   | Reached skill level 5 in Evocations
 14197 | Lair:1   | Reached skill level 5 in Maces & Flails
 14891 | Lair:1   | Noticed a six-headed hydra
 14906 | Lair:1   | Killed a six-headed hydra
 15078 | Lair:1   | You fall into a shaft and drop 1 floor!
 15147 | Lair:2   | Reached XP level 13. HP: 82/82 MP: 7/13
 15651 | Lair:2   | Reached skill level 10 in Maces & Flails
 15934 | Lair:2   | Reached ****** piety under Trog
 16531 | Lair:3   | Found a staircase to the Swamp.
 16579 | Lair:3   | Received a gift from Trog
 16652 | Lair:3   | Found a bloodstained altar of Trog.
 17817 | Lair:4   | Found a staircase to the Snake Pit.
 19019 | Lair:5   | Gained mutation: Your large and strong wings let you fly
                  | indefinitely. [Gargoyle growth]
 19019 | Lair:5   | Reached XP level 14. HP: 44/88 MP: 7/14
 19569 | Lair:6   | Entered Level 6 of the Lair of Beasts
 19577 | Lair:6   | Reached skill level 11 in Fighting
 19936 | Lair:6   | Received a gift from Trog
 20573 | Lair:6   | Reached skill level 12 in Fighting
 20689 | Lair:6   | Received a gift from Trog
 20918 | Lair:6   | Found a runed translucent door.
 20918 | Lair:6   | Found a viscous altar of Jiyva.
 21035 | Lair:6   | Reached skill level 15 in Axes
 21522 | Lair:6   | Found a staircase to the Slime Pits.
 22224 | D:13     | Reached XP level 15. HP: 97/97 MP: 8/15
 22374 | D:13     | Found a bloodstained altar of Trog.
 22419 | D:13     | Noticed Nessos
 22426 | D:13     | Noticed Nessos
 22426 | D:13     | Nessos changed into Nessos the queen bee
 22430 | D:13     | Killed Nessos the queen bee
 22481 | D:13     | Reached skill level 13 in Fighting
 23095 | D:14     | Received a gift from Trog
 23630 | D:14     | Received a gift from Trog
 23825 | D:14     | Found a gate to the Vaults.
 23897 | D:15     | Entered Level 15 of the Dungeon
 24293 | D:15     | Found a staircase to the Depths.
 24467 | D:15     | Found a shimmering altar of Xom.
 24469 | D:15     | Found a shadowy altar of Dithmenos.
 24469 | D:15     | Found a shimmering altar of Xom.
 24471 | D:15     | Found a hazy altar of Hepliaklqana.
 24471 | D:15     | Found a shimmering altar of Xom.
 24471 | D:15     | Found a shadowy altar of Dithmenos.
 25036 | Orc:1    | Entered Level 1 of the Orcish Mines
 25036 | Orc:1    | Noticed Erica
 25046 | Orc:1    | Killed Erica
 25047 | Orc:1    | Reached skill level 14 in Fighting
 25647 | Orc:2    | Entered Level 2 of the Orcish Mines
 25647 | Orc:2    | Found Qieb's Armour Shop.
 26068 | Orc:2    | Found a staircase to the Elven Halls.
 26106 | Orc:2    | Received a gift from Trog
 26269 | Orc:2    | Noticed Urug
 26378 | Orc:2    | Killed Urug
 26475 | Orc:2    | Found Amyan's General Store.
 26479 | Orc:2    | Found Rusorhen's General Store.
 26775 | Orc:2    | Bought 2 scrolls of enchant armour for 225 gold pieces
 26775 | Orc:2    | Bought a scroll of enchant armour for 112 gold pieces
 26849 | Orc:2    | Reached XP level 16. HP: 88/106 MP: 8/16
 27455 | Orc:2    | Found Tunirif's Antique Weapon Shop.
 27455 | Orc:2    | Found a one-way gate leading to the halls of Pandemonium.
 27455 | Orc:2    | Found Josax's Gadget Boutique.
 27631 | Orc:2    | Bought a condenser vane for 560 gold pieces
 27635 | Orc:2    | Bought a wand of iceblast (13) for 238 gold pieces
 27789 | Orc:2    | Bought a +0 pair of gloves of strength for 195 gold pieces
 27802 | Orc:2    | Bought a +0 tower shield of positive energy for 144 gold
                  | pieces
 28143 | Snake:1  | Entered Level 1 of the Snake Pit
 28900 | Snake:1  | Found Norchadaxt's Weapon Emporium.
 29257 | Snake:1  | Received a gift from Trog
 29267 | Snake:1  | Reached skill level 5 in Shields
 29835 | Snake:2  | Noticed Saint Roka
 29848 | Snake:2  | Killed Saint Roka
 30407 | Snake:2  | Noticed Kirke
 30422 | Snake:2  | Killed Kirke
 30665 | Snake:3  | Received a gift from Trog
 30974 | Snake:3  | Reached XP level 17. HP: 99/111 MP: 17/17
 31314 | Snake:3  | Noticed Donald
 31322 | Snake:3  | Killed Donald
 31386 | Snake:3  | Found the +7 sceptre of Torment {pain, torment}
 31390 | Snake:3  | Reached skill level 10 in Armour
 32084 | Snake:3  | Received a gift from Trog
 32413 | Snake:3  | Saving game... please wait.
 32413 | Snake:3  | Saving game... please wait.
 32449 | Snake:4  | Entered Level 4 of the Snake Pit
 32643 | Snake:4  | Reached skill level 15 in Fighting
 32854 | Snake:4  | Noticed Mara
 32870 | Snake:4  | Noticed ardl's illusion
 32873 | Snake:4  | Killed Mara
 32874 | Snake:4  | Reached skill level 16 in Fighting
 32874 | Snake:4  | Found Onuaqo's General Store.
 32882 | Snake:4  | Bought a potion of mutation for 128 gold pieces
 32903 | Snake:4  | Received a gift from Trog
 32947 | Snake:4  | Found Wyiwn's Gadget Emporium.
 32955 | Snake:4  | Bought a phial of floods for 560 gold pieces
 32955 | Snake:4  | Bought a wand of acid (10) for 392 gold pieces
 33044 | Snake:4  | Found Xexaclir's Antique Armour Shoppe.
 33049 | Snake:4  | Found Nughaitz's Armour Emporium.
 33067 | Snake:4  | Reached XP level 18. HP: 110/120 MP: 18/18
 33117 | Snake:4  | Found Jilic's General Store.
 33574 | Snake:4  | Got a serpentine rune of Zot
 33727 | Swamp:1  | Entered Level 1 of the Swamp
 33729 | Swamp:1  | Found a transporter.
 34420 | Swamp:1  | You are sucked into a shaft and drop 1 floor!
 34432 | Swamp:2  | Noticed Nikola
 34465 | Swamp:2  | Killed Nikola
 34478 | Swamp:2  | Received a gift from Trog
 34619 | Swamp:1  | Found a transporter.
 34672 | Swamp:1  | Got a scorched chain mail
 34674 | Swamp:1  | Got a wavering pewter amulet
 34677 | Swamp:1  | Got a pair of twisted boots
 34691 | Swamp:1  | Identified the +7 chain mail of the Earth {*Drain rElec
                  | rPois Regen+} (You found it on level 1 of the Swamp)
 34704 | Swamp:1  | Identified the +1 pair of boots of the Lily {rPois rF++}
                  | (You found it on level 1 of the Swamp)
 34704 | Swamp:1  | Identified the amulet of Toetreoc {Faith Fragile rPois rF++
                  | Int-4} (You found it on level 1 of the Swamp)
 35339 | Swamp:2  | Found the +2 cloak of the Thief {*Fog Slay-2 SInv Stlth+}
 35999 | Swamp:3  | Found a burning altar of Makhleb.
 36092 | Swamp:4  | Entered Level 4 of the Swamp
 36416 | Swamp:4  | Paralysed by a fenstrider witch for 4 turns
 36657 | Swamp:4  | Reached XP level 19. HP: 93/125 MP: 19/19
 36741 | Swamp:4  | Got a decaying rune of Zot
 37285 | Vaults:1 | Entered Level 1 of the Vaults
 37526 | Vaults:1 | Received a gift from Trog
 37937 | Vaults:1 | Reached skill level 10 in Shields
 37965 | Vaults:1 | Reached skill level 17 in Fighting
 38097 | Vaults:1 | Received a gift from Trog
 38122 | Vaults:1 | Got a twisted broad axe {god gift}
 38123 | Vaults:1 | Identified the +5 broad axe of Chagrin {vorpal, rC+ Str+3
                  | Int+4} (Trog gifted it to you on level 1 of the Vaults)
 38270 | Vaults:1 | Paralysed by an orc sorcerer for 2 turns
 38851 | Vaults:2 | Noticed Bai Suzhen
 38870 | Vaults:2 | Reached skill level 18 in Fighting
 39161 | Vaults:2 | Killed Bai Suzhen
 39176 | Vaults:2 | Paralysed by a sphinx for 7 turns
 39193 | Vaults:2 | Reached XP level 20. HP: 118/136 MP: 20/20
 39295 | Vaults:2 | Noticed Boris
 39319 | Vaults:2 | Killed Boris
 39320 | Vaults:2 | Reached skill level 15 in Armour
 39498 | Vaults:2 | Received a gift from Trog
 39991 | Vaults:3 | Noticed Boris
 40014 | Vaults:3 | Killed Boris
 40540 | Vaults:3 | Reached skill level 5 in Dodging
 40763 | Vaults:3 | Noticed Aizul
 40793 | Vaults:3 | Killed Aizul
 41331 | Orc:2    | Bought the +2 pair of boots "Quygg" {rC+ Int+2} for 555
                  | gold pieces
 41590 | Vaults:3 | Received a gift from Trog
 41744 | Vaults:3 | Found Jiusasor's Armour Emporium.
 42031 | Vaults:3 | Reached skill level 19 in Fighting
 42177 | Vaults:3 | Paralysed by a vampire knight for 4 turns
 42187 | Vaults:3 | Paralysed by a vampire knight for 3 turns
 42195 | Vaults:3 | Received a gift from Trog
 42210 | Vaults:3 | Found a staircase to the Crypt.
 42321 | Vaults:4 | Reached XP level 21. HP: 138/144 MP: 21/21
 42739 | Vaults:4 | Reached skill level 20 in Fighting
 42816 | Vaults:4 | Noticed Jory
 42854 | Vaults:4 | Killed Jory
 42875 | Vaults:4 | Received a gift from Trog
 43085 | Vaults:4 | Found a runed translucent gate.
 43085 | Vaults:4 | Found a runed translucent gate.
 43087 | Vaults:4 | Found a runed translucent gate.
 43089 | Vaults:4 | Noticed SlowGraham's ghost (legendary KoMo)
 43091 | Vaults:4 | Found an iron altar of Okawaru.
 43097 | Vaults:4 | Saving game... please wait.
 43249 | Vaults:4 | Received a gift from Trog
 43271 | Vaults:4 | HP: 7/146 [frost giant/bolt of cold (22)]
 43286 | Vaults:4 | Reached skill level 10 in Evocations
 43847 | Vaults:4 | Received a gift from Trog
 43848 | Vaults:4 | Reached XP level 22. HP: 152/152 MP: 22/22
 44332 | Vaults:4 | Killed SlowGraham's ghost
 44339 | Vaults:4 | Got a masterwork helmet
 44340 | Vaults:4 | Identified the +1 helmet of the Present {Rampage +Blink}
                  | (You found it on level 4 of the Vaults)
 44541 | Depths:1 | Entered Level 1 of the Depths
 44757 | Depths:1 | Found Viadghut's Antique Armour Emporium.
 44760 | Depths:1 | Found Cedee's Weapon Shoppe.
 44760 | Depths:1 | Found Kirangiagu's Antique Weapon Emporium.
 44763 | Depths:1 | Found Ifilohef's Armour Shoppe.
 44765 | Depths:1 | Bought an amber-encrusted plate armour for 812 gold pieces
 44765 | Depths:1 | Identified the +4 plate armour "Imybbyut" {+Blink rC+
                  | Will-} (You bought it in a shop on level 1 of the Depths)
 44870 | Depths:1 | Found a glowing golden altar of the Shining One.
 44872 | Depths:1 | Noticed Boris
 44909 | Depths:1 | Killed Boris
 45057 | Depths:1 | Found a gateway to Hell.
 45165 | Depths:1 | Received a gift from Trog
 45540 | Depths:1 | Found a hazy altar of Hepliaklqana.
 45989 | Depths:1 | Found a runed translucent door.
 46157 | Depths:2 | Found a corrupted altar of Lugonu.
 46157 | Depths:2 | Found a one-way gate to the infinite horrors of the Abyss.
 46199 | Depths:2 | Received a gift from Trog
 46239 | Depths:2 | You are sucked into a shaft and drop 2 floors!
 46344 | Depths:3 | Reached skill level 21 in Fighting
 46361 | Depths:3 | Noticed a juggernaut
 46380 | Depths:3 | Paralysed by an ogre mage for 3 turns
 46392 | Depths:3 | Killed a juggernaut
 46392 | Depths:3 | Paralysed by an ogre mage for 4 turns
 46462 | Depths:3 | Noticed Boris
 46488 | Depths:3 | Reached XP level 23. HP: 150/160 MP: 23/23
 46506 | Depths:3 | Killed Boris
 46507 | Depths:3 | Reached skill level 10 in Dodging
 46639 | Depths:3 | Paralysed by a sphinx for 6 turns
 47289 | Depths:3 | Received a gift from Trog
 47326 | Depths:3 | Paralysed by a great orb of eyes for 5 turns
 47408 | Depths:3 | Reached skill level 22 in Fighting
 47571 | Depths:3 | Found a glowing golden altar of the Shining One.
 47930 | Depths:2 | Noticed a golden dragon
 47955 | Depths:2 | Killed a golden dragon
 48031 | Depths:2 | Received a gift from Trog
 48565 | Elf:1    | Entered Level 1 of the Elven Halls
 48597 | Elf:1    | Gained mutation: Your body sometimes deteriorates upon
                  | taking damage. [a neqoxec]
 48612 | Elf:1    | Gained mutation: You do not regenerate when monsters are
                  | visible. [a neqoxec]
 48619 | Elf:1    | Found a shimmering blue altar of Sif Muna.
 48733 | Elf:1    | Lost mutation: You do not regenerate when monsters are
                  | visible. [potion of mutation]
 48733 | Elf:1    | Lost mutation: Your body sometimes deteriorates upon taking
                  | damage. [potion of mutation]
 48733 | Elf:1    | Gained mutation: Your magical capacity is low. (-10% MP)
                  | [potion of mutation]
 48733 | Elf:1    | Gained mutation: You possess an exceptional clarity of
                  | mind. [potion of mutation]
 48936 | Elf:1    | Received a gift from Trog
 49159 | Elf:1    | Reached XP level 24. HP: 157/158 MP: 20/20
 49306 | Elf:1    | Found Icvou's Armour Emporium.
 49802 | Elf:2    | Received a gift from Trog
 49892 | Elf:2    | Found a runed translucent gate.
 49892 | Elf:2    | Found a runed translucent gate.
 49892 | Elf:2    | Found a runed translucent gate.
 49892 | Elf:2    | Noticed Bottel's ghost (adept MiBe)
 50109 | Elf:2    | Found a huge runed translucent gate.
 50109 | Elf:2    | Found a huge runed translucent gate.
 50109 | Elf:2    | Found a huge runed translucent gate.
 50109 | Elf:2    | Found a huge runed translucent gate.
 50109 | Elf:2    | Found a huge runed translucent gate.
 50224 | Elf:2    | Found Qinneyk's Jewellery Shop.
 50225 | Elf:2    | Found Oquun's Gadget Emporium.
 50226 | Elf:2    | Found Ozywol's Jewellery Shop.
 50407 | Elf:3    | Entered Level 3 of the Elven Halls
 50820 | Elf:3    | Found Makoches's Distillery.
 50828 | Elf:3    | Bought a potion of cancellation for 112 gold pieces
 51126 | Elf:3    | Received a gift from Trog
 51353 | Elf:3    | Got a fine brass ring
 51354 | Elf:3    | Identified the ring of Harmony {*Tele rC++ Int+3} (You
                  | found it on level 3 of the Elven Halls)
 51381 | Elf:3    | Identified the Volume of the Icy Mountains
 51382 | Elf:3    | Identified Laoluyq's Papyrus of Cold
 51384 | Elf:3    | Identified the +10 crystal plate armour of Precision
                  | Catastrophes {rElec Str+2} (You found it on level 3 of the
                  | Elven Halls)
 52063 | Depths:4 | Noticed Ninuetur's ghost (adept HuFi)
 52136 | Depths:4 | Found the +18 shield of the Gong {rElec rN+ Will+ EV-5}
 52179 | Depths:4 | Got a bound steel ring
 52180 | Depths:4 | Identified the ring "Yxaijas" {rElec Will- Str+3 Int+6}
                  | (You found it on level 4 of the Depths)
 52222 | Depths:4 | Received a gift from Trog
 52399 | Depths:4 | Found a runed translucent gate.
 52399 | Depths:4 | Found a runed translucent gate.
 52400 | Depths:4 | Found a runed translucent gate.
 52529 | Depths:5 | Entered Level 5 of the Depths
 52534 | Depths:5 | Found a flickering gateway to a bazaar.
 52558 | Bazaar   | Entered a bazaar
 52621 | Bazaar   | Found Lusuitie's Magic Scroll Shop.
 52635 | Bazaar   | Found Kello's Antique Weapon Boutique.
 52810 | Bazaar   | Bought a scroll of enchant armour for 97 gold pieces
 52912 | Depths:5 | Found a magical portal.
 52921 | WizLab   | Entered The Hall of the Hellbinder
 52937 | WizLab   | Gained mutation: You are frail. (-10% HP) [a cacodemon]
 52989 | WizLab   | Identified Idwodesa's Compendium of Calling
 53071 | WizLab   | Reached XP level 25. HP: 155/155 MP: 20/20
 53073 | WizLab   | Found a burning altar of Makhleb.
 53460 | Depths:5 | Lost mutation: You are frail. (-10% HP) [potion of
                  | mutation]
 53460 | Depths:5 | Lost mutation: You possess an exceptional clarity of mind.
                  | [potion of mutation]
 53460 | Depths:5 | Gained mutation: Armour fits poorly on your strangely
                  | shaped body. [potion of mutation]
 53460 | Depths:5 | Gained mutation: Your flesh is heat resistant. (rF+)
                  | [potion of mutation]
 53535 | Depths:5 | Received a gift from Trog
 53726 | Depths:5 | Found a bloodstained altar of Trog.
 54066 | Depths:5 | Found a gate to the Realm of Zot.
 54296 | Depths:5 | Received a gift from Trog
 54318 | Depths:5 | Found a gateway to a ziggurat.
 54624 | Depths:5 | Saving game... please wait.
 55099 | Slime:1  | Entered Level 1 of the Pits of Slime
 55124 | Slime:1  | Gained mutation: You are surrounded by a mild repulsion
                  | field. (EV +2) [a shining eye]
 55126 | Slime:1  | Gained mutation: You are clumsy. (Dex -2) [a shining eye]
 55584 | Slime:4  | Gained mutation: Scrolls take you a little longer to read.
                  | [a shining eye]
 55663 | Slime:4  | Received a gift from Trog
 55672 | Slime:4  | Reached skill level 15 in Shields
 55907 | Slime:5  | Entered Level 5 of the Pits of Slime
 56247 | Slime:5  | Found a viscous altar of Jiyva.
 56247 | Slime:5  | Noticed the Royal Jelly
 56258 | Slime:5  | Paralysed by a floating eye for 2 turns
 56268 | Slime:5  | Killed the Royal Jelly
 56370 | Slime:5  | Got a slimy rune of Zot
 56430 | Slime:5  | Got a fine brass amulet
 56433 | Slime:5  | Identified the amulet of Rairaet {RegenMP SInv} (You found
                  | it on level 5 of the Pits of Slime)
 56475 | Slime:5  | Identified the +0 plate armour of Surirch {rElec SInv
                  | Stlth-} (You found it on level 5 of the Pits of Slime)
 56533 | Lair:6   | Lost mutation: You are clumsy. (Dex -2) [potion of
                  | mutation]
 56533 | Lair:6   | Lost mutation: Armour fits poorly on your strangely shaped
                  | body. [potion of mutation]
 56533 | Lair:6   | Gained mutation: You have large cloven feet. [potion of
                  | mutation]
 56533 | Lair:6   | Gained mutation: You are somewhat resistant to further
                  | mutation. [potion of mutation]
 56534 | Lair:6   | Lost mutation: Your magical capacity is low. (-10% MP)
                  | [potion of mutation]
 56534 | Lair:6   | Lost mutation: Scrolls take you a little longer to read.
                  | [potion of mutation]
 56534 | Lair:6   | Lost mutation: You are somewhat resistant to further
                  | mutation. [potion of mutation]
 56534 | Lair:6   | Gained mutation: You are dopey. (Int -2) [potion of
                  | mutation]
 56534 | Lair:6   | Gained mutation: You are partially covered in molten
                  | scales. (AC +2) [potion of mutation]
 56537 | Lair:6   | Saving game... please wait.
 56872 | Zot:1    | Entered Level 1 of the Realm of Zot
 57043 | Zot:3    | Received a gift from Trog
 57044 | Zot:3    | Reached XP level 26. HP: 161/180 MP: 23/23
 57139 | Zot:4    | Noticed an ancient lich
 57155 | Zot:4    | Killed an ancient lich
 57213 | Zot:4    | Paralysed by a lich for 4 turns
 57334 | Zot:5    | Entered Level 5 of the Realm of Zot
 58261 | Zot:5    | Noticed an ancient lich
 58699 | Zot:5    | Noticed an orb of fire
 58708 | Zot:5    | Gained mutation: You are frail. (-10% HP) [an orb of fire]
 58709 | Zot:5    | Gained mutation: You are very dopey. (Int -4) [an orb of
                  | fire]
 58713 | Zot:5    | Gained mutation: Armour fits poorly on your strangely
                  | shaped body. [an orb of fire]
 58716 | Zot:5    | Noticed an orb of fire
 58723 | Zot:5    | Killed an orb of fire
 58723 | Zot:5    | Gained mutation: Your body sometimes deteriorates upon
                  | taking damage. [an orb of fire]
 58726 | Zot:5    | Gained mutation: You are very frail. (-20% HP) [an orb of
                  | fire]
 58737 | Zot:5    | Killed an orb of fire
 58738 | Zot:5    | Lost mutation: You are very frail. (-20% HP) [potion of
                  | mutation]
 58738 | Zot:5    | Lost mutation: Armour fits poorly on your strangely shaped
                  | body. [potion of mutation]
 58738 | Zot:5    | Lost mutation: Your flesh is heat resistant. (rF+) [potion
                  | of mutation]
 58738 | Zot:5    | Gained mutation: You expend magic power (3 MP) to
                  | strengthen your wands. [potion of mutation]
 58738 | Zot:5    | Gained mutation: You are mostly covered in molten scales.
                  | (AC +3) [potion of mutation]
 58747 | Zot:5    | Noticed an ancient lich
 58747 | Zot:5    | Noticed an orb of fire
 58747 | Zot:5    | Noticed a Killer Klown
 58755 | Zot:5    | Received a gift from Trog
 58760 | Zot:5    | Gained mutation: You occasionally shout uncontrollably at
                  | your foes. [an orb of fire]
 58770 | Zot:5    | Killed an ancient lich
 58822 | Zot:5    | Killed an ancient lich
 58961 | Zot:5    | Killed a Killer Klown
 59197 | Zot:5    | Noticed a Killer Klown
 59221 | Zot:5    | Reached XP level 27. HP: 167/167 MP: 23/23
 59231 | Zot:5    | Reached skill level 23 in Fighting
 59234 | Zot:5    | Lost intelligence.
 59539 | Zot:5    | Got the Orb of Zot
 59901 | D:11     | Noticed Onuoxkio the pandemonium lord
 59920 | D:11     | Killed Onuoxkio the pandemonium lord
 59931 | D:11     | Noticed Gufiuq the pandemonium lord
 60028 | D:7      | Noticed Irumaots the pandemonium lord
 60129 | D:2      | Noticed Baozy the pandemonium lord
 60186 | D:1      | Killed Baozy the pandemonium lord
 60187 | D:1      | Noticed Wieppiamm the pandemonium lord
 60228 | D:$      | Escaped with the Orb!

Illustrated notes

Levels and vault maps discovered:
D:1:      dpeg_arrival_shrine, layout_loops_corners, serial_glass,
          glass_columns_a, glass_columns_a, glass_columns_c, glass_columns_a,
          glass_columns_a, glass_columns_b, item_on_display_a
D:2:      layout_basic, nicolae_overflow_hidden_temple, grunt_ministairs_10
D:3:      layout_basic
D:4:      layout_rooms, nicolae_overflow_crystal_walls,
          gammafunk_temple_overflow_pools, gammafunk_ghost_arena, serial_shops,
          kennysheep_mini, uniq_natasha, uniq_sigmund, uniq_menkaure
D:5:      lemuel_ice_spiral_2, layout_basic, hangedman_abyss_or_decor_stagger
D:6:      layout_rooms, kennysheep_minor_cross,
          minmay_a_box_with_orc_wizards_in_it
D:7:      layout_basic, minmay_temple_entry_stoned_glass, basic_altar,
          kennysheep_small_spiral
D:8:      layout_loops_ring, zaba_antful_of_joy
D:9:      layout_basic
D:10:     layout_irregular_city, lair_entry_dummy, disabler_island, uniq_joseph
D:11:     layout_rooms, ebering_ghost_xom, uniq_maurice
D:12:     layout_gridville, orc_0_dummy, enter_bailey_5
D:13:     layout_roguey, basic_altar, einodemon_barbed_minivault, uniq_nessos
D:14:     layout_cave_pools, ximxim_vaults_locker_room, hangedman_decor_points,
          serial_ice, serial_ice_l, serial_ice_o, serial_ice_b, serial_ice_d,
          serial_ice_h, serial_ice_n
D:15:     grunt_enter_depths_magical_seal, layout_grid_maze,
          serial_bayou_pond_a, doesnt_xom_only_xom
Lair:1:   layout_concentric_octagons, st_stairs_4
Lair:2:   layout_regular_city, serial_rivers, chequers_serial_rivers_micro_a,
          chequers_serial_rivers_small_3, chequers_serial_rivers_room_a,
          chequers_serial_rivers_room_a, serial_bayou_shore_a
Lair:3:   layout_cave_pods, swamp_mist, basic_altar,
          nicolae_quartered_pool_medium
Lair:4:   layout_roguey, minmay_snake_entry_guardpost_small,
          minmay_lair_oklob_chamber
Lair:5:   layout_concentric_octagons, minivault_26, nicolae_lair_yak_garden
Lair:6:   minmay_lair_end_enchanted_forest, layout_long_grid, slime_altar_2
Swamp:1:  gammafunk_worm_tunnel, layout_basic_swamp,
          nicolae_swamp_feature_on_the_river_bank, swamp_pool5
Swamp:2:  layout_basic_swamp, nicolae_swamp_little_tower,
          nicolae_swamp_oklob_treasure_island, uniq_nikola
Swamp:3:  layout_basic_swamp, nicolae_swamp_godswood
Swamp:4:  swamp, layout_basic_swamp, infiniplex_staircase_pool
Snake:1:  layout_basic, serial_shops, nicolae_shop_behind_doors,
          guppyfry_library_mini
Snake:2:  layout_cave_pods, fake_guardian_serpent_vault, uniq_saint_roka,
          uniq_kirke
Snake:3:  layout_layer_cave, nicolae_snake_shapes, uniq_donald
Snake:4:  minmay_snake_end_coiled, layout_misc_corridors, serial_shops,
          nicolae_shop_stone, shop, shop_fountains,
          nicolae_shop_window_shopping, shop, uniq_mara
Slime:1:  layout_caves
Slime:2:  layout_caves, basic_altar
Slime:3:  layout_caves
Slime:4:  layout_caves, uniq_dissolution
Slime:5
Orc:1:    layout_diamond_mine, uniq_erica
Orc:2:    pf_orc_diabolical, layout_caves, serial_shops, shop, uniq_urug
Elf:1:    minmay_elf_arrival_summoners, layout_geoelf_diagonals, basic_altar,
          serial_shops, shop, hangedman_corner_corridor, grunt_ministairs_2,
          item_on_display_a
Elf:2:    layout_rooms, ebering_ghost_rock_garden, nicolae_elf_big_sculpture_3,
          minmay_shop_grove
Elf:3:    elf_hall, layout_loops_corners, serial_shops, shop
Vaults:1: v_alt_pattern_6, v_misc_22, vaults_room_door_hall, v_misc_25,
          grunt_vaults_diagonal, vaults_room_boxed, layout_vaults_chaotic_city
Vaults:2: vaults_room_semicircle, nicolae_vaults_bisected_inception,
          vaults_mumra_lcd, vaults_dpeg_hooks, hangedman_vaults_unwind,
          v_misc_30, v_rooms_4, vaults_room_semicircle, v_misc_15,
          v_alt_pattern_4, vaults_room_pool, nicolae_vaults_ring_of_whatevers,
          ontoclasm_vaults_ring_small, ontoclasm_vaults_shout,
          nicolae_vaults_shelves_hall, layout_vaults_big_cross, uniq_bai_suzhen,
          uniq_boris
Vaults:3: ontoclasm_vaults_hangar, v_misc_28, minmay_crypt_entry_simple_walls,
          v_misc_14, nicolae_vaults_circle_grid_b, vaults_standard_mumra_x,
          st_octagons_1, v_misc_17, nicolae_vaults_network_periphery,
          vaults_dpeg_encased_lava, layout_vaults_ring, serial_shops,
          nicolae_shop_statue_plus, uniq_aizul
Vaults:4: gammafunk_vaults_ghost_fury_of_okawaru,
          nicolae_vaults_network_quinsquares
          [nicolae_vaults_network_quincunx_subvault,
          nicolae_vaults_network_quincunx_subvault,
          nicolae_vaults_network_quincunx_subvault,
          nicolae_vaults_network_quincunx_subvault],
          dpeg_vaults_pockets_of_resistance, nicolae_vaults_specimen_jars,
          nicolae_vaults_three_branches, v_alt_pattern_4,
          hangedman_vaults_stream, grunt_vaults_hallway_long,
          ontoclasm_vaults_chip, vaults_mumra_chevron, vaults_room_hallway,
          vaults_mumra_minichess, hangedman_vaults_slice,
          nicolae_vaults_ring_of_whatevers, vaults_room_semicircle,
          serial_ice_b, layout_vaults_omnibox, uniq_jory
Depths:1: layout_basic, serial_sigils_hangedman_quiver, hell_entry,
          moated_statue, hangedman_feature_mirror, minmay_misc_feat_plants,
          hangedman_aerie_drop, minmay_shoptagon, firewood_loft,
          kennysheep_random_hallway
Depths:2: minmay_heptahexagon, layout_gridlike, hell_entry,
          abyss_entry_flame_altar
Depths:3: kennysheep_four_of_diamonds, layout_basic, rand_demon_pan_entry_1,
          tso_metal_star, hangedman_tar_grid_catacomb, serial_rivers,
          chequers_serial_rivers_small_a, chequers_serial_rivers_micro_d,
          chequers_serial_rivers_large_b, chequers_serial_rivers_room_b,
          chequers_serial_rivers_small_b
Depths:4: grunt_twist_and_shout, layout_basic, abyss_entry, gammafunk_ghost_icy,
          grunt_mini_vestibule
Depths:5: grunt_zot_entry_bicorn, layout_cave_shapes, enter_ziggurat_b,
          grunt_pan_entry_in_and_out, serial_shops, freezing_bzr,
          mu_enter_wizlab_5, hell_entry, serial_bayou_pond_e,
          evilmike_spriggan_trog_shrine
Zot:1:    layout_gridlike
Zot:2:    layout_basic, bh_zot_lava_cross, lemuel_lake_of_fire
Zot:3:    layout_twisted_circle, grunt_megastairs_2
Zot:4:    layout_basic, ebering_ghost_rock_garden, hangedman_snap_crack_crunch
Zot:5:    layout_misc_corridors, skrybe_zot_glass_2

Skill      XL: |  1  2  3  4  5  6  7  8  9 10 11 12 13 14 15 16 17 18 19 20 21 22 23 24 25 26 27 |
---------------+----------------------------------------------------------------------------------+-----
Axes           | 3 4 5 6 7 8 10 11 13 14 15 17 18 | 18.9
Fighting       | 5 7 10 12 14 16 18 19 20 21 22 23 | 23.8
Armour         | 6 9 10 13 14 16 17 19 20 | 20.8
Shields        | 4 5 8 10 13 14 16 18 | 18.0
Evocations     | 3 5 8 10 14 | 14.0
Maces & Flails | 8 12 13 | 13.3
Dodging        | 2 4 7 9 10 12 14 | 14.0

Action                   |  1- 3 |  4- 6 |  7- 9 | 10-12 | 13-15 | 16-18 | 19-21 | 22-24 | 25-27 || total
-------------------------+-------+-------+-------+-------+-------+-------+-------+-------+-------++-------
Melee: Hand axe          |   120 |   234 |   294 |   456 |       |       |       |       |       ||  1104
       War axe           |       |       |       |   197 |   909 |   112 |       |       |       ||  1218
       Flail             |       |       |       |     9 |    21 |       |       |       |       ||    30
       Broad axe         |       |       |       |       |   226 |  1194 |  1521 |  1333 |   905 ||  5179
Invok: Berserk           |     1 |     1 |     2 |     5 |     7 |     1 |       |     2 |       ||    19
       Trog's Hand       |       |       |       |     1 |     1 |     2 |     7 |     6 |     3 ||    20
       Brothers in Arms  |       |       |       |       |     2 |     2 |     3 |     2 |     2 ||    11
 Abil: Fly               |       |       |       |       |       |     1 |       |     1 |       ||     2
       Stop Flying       |       |       |       |       |       |       |     1 |     1 |       ||     2
       Evoke Blink       |       |       |       |       |       |       |       |       |     2 ||     2
Evoke: Wand              |       |       |       |     2 |     2 |     2 |       |     1 |    16 ||    23
       Box of beasts     |       |       |       |       |     1 |     1 |       |       |       ||     2
       Condenser vane    |       |       |       |       |       |     1 |     2 |     2 |       ||     5
       Tin of tremorston |       |       |       |       |       |       |       |     3 |     2 ||     5
  Use: Scroll            |       |     9 |     7 |    14 |    11 |    11 |     2 |    20 |    16 ||    90
       Potion            |       |       |       |     1 |     1 |     2 |     6 |     2 |    16 ||    28
 Stab: Sleeping          |     2 |       |       |       |       |       |       |       |       ||     2
       Invisible         |       |       |       |     2 |       |       |       |       |       ||     2
       Petrified         |       |       |       |       |     7 |       |       |       |       ||     7
       Distracted        |       |       |       |       |       |     1 |       |       |       ||     1
Armor: Animal skin       |    27 |       |       |       |       |       |       |       |       ||    27
       Leather armour    |    17 |    95 |    47 |       |       |       |       |       |       ||   159
       Scale mail        |       |       |    75 |   142 |       |       |       |       |       ||   217
       Acid dragon scale |       |       |       |   193 |   343 |       |       |       |       ||   536
       Plate armour      |       |       |       |       |   397 |   111 |       |       |       ||   508
       Chain mail        |       |       |       |       |       |   534 |   671 |   508 |       ||  1713
       Gold dragon scale |       |       |       |       |       |       |       |   102 |       ||   102
       Crystal plate arm |       |       |       |       |       |       |       |   106 |   569 ||   675
Dodge: Dodged            |    73 |   150 |   133 |   293 |   379 |   295 |   375 |   356 |   241 ||  2295
Block: Kite shield       |       |       |       |   225 |   549 |    32 |       |       |       ||   806
       Tower shield      |       |       |       |       |       |  1360 |  1298 |  1168 |   946 ||  4772
       Reflection        |       |       |       |       |       |   102 |    35 |       |       ||   137

Table legend: (Time is in decaauts)
 A = Elapsed time spent in this place.
 B = Non-inter-level travel time spent in this place.
 C = Inter-level travel time spent in this place.
 D = Time resting spent in this place.
 E = Time spent auto-exploring this place.
 F = Levels seen in this place.
 G = Mean time per level.
                   A        B        C        D        E       F      G
               +--------+--------+--------+--------+--------+-----+--------+
         Total |  59040 |  54165 |   4875 |  10259 |  32075 |  56 | 1054.3 |
       Dungeon |  18510 |  16307 |   2203 |   2708 |  10748 |  15 | 1234.0 |
          Lair |   8017 |   7299 |    718 |   1232 |   5011 |   6 | 1336.2 |
         Swamp |   3304 |   3144 |    160 |    552 |   1880 |   4 |  826.0 |
     Snake Pit |   5446 |   5317 |    129 |    587 |   3694 |   4 | 1361.5 |
    Slime Pits |   1398 |   1353 |     45 |    999 |      0 |   5 |  279.6 |
  Orcish Mines |   2994 |   2694 |    300 |   1070 |   1215 |   2 | 1497.0 |
   Elven Halls |   2907 |   2779 |    128 |     81 |   2200 |   3 |  969.0 |
        Vaults |   6674 |   6106 |    568 |    695 |   3538 |   4 | 1668.5 |
        Depths |   5941 |   5345 |    596 |    608 |   3242 |   5 | 1188.2 |
           Zot |   2724 |   2701 |     23 |   1473 |    177 |   5 |  544.8 |
        Bazaar |    339 |    339 |      0 |      0 |    166 |   1 |  339.0 |
        Bailey |    266 |    266 |      0 |     28 |     35 |   1 |  266.0 |
        Wizlab |    515 |    515 |      0 |    225 |    168 |   1 |  515.0 |
               +--------+--------+--------+--------+--------+-----+--------+

Top non-repeatable levels by time:
   Orc:2: 2264 daAuts
   Zot:5: 2171 daAuts
  Lair:6: 2078 daAuts
Vaults:4: 1948 daAuts
Vaults:3: 1768 daAuts
     D:1: 1673 daAuts
    D:10: 1631 daAuts
Depths:1: 1603 daAuts
Depths:3: 1552 daAuts
     D:4: 1537 daAuts
Vaults:1: 1508 daAuts
 Snake:3: 1508 daAuts
    D:12: 1506 daAuts
 Snake:1: 1494 daAuts
Vaults:2: 1448 daAuts
